 Dungeon Crawl Stone Soup version 0.20.1-1-g8b1a95d (webtiles) character file.

501 Mesmaeker13 the Sneak (level 6, -2/44 HPs)
             Began as a Mummy Wanderer on Aug 12, 2017.
             Was a Follower of Kikubaaqudgha.
             Slain by a centaur (4 damage)
             ... on level 5 of the Dungeon.
             The game lasted 00:10:17 (5178 turns).

Mesmaeker13 the Sneak (Mummy Wanderer)              Turns: 5178, Time: 00:10:18

Health: -2/44      AC:  4    Str: 14    XL:     6   Next: 95%
Magic:  19/19      EV: 12    Int: 16    God:    Kikubaaqudgha [*.....]
Gold:   105        SH:  0    Dex: 10    Spells: 7/10 levels left

rFire    x . .     SeeInvis .   i - +1 short sword (venom)
rCold    + . .     Gourm    .   (no shield)
rNeg     + + +     Faith    .   n - +0 leather armour
rPois    ∞         Spirit   .   j - +0 helmet
rElec    .         Reflect  .   (no cloak)
rCorr    .         Harm     .   (no gloves)
MR       .....                  (no boots)
Stlth    ++........             (no amulet)
Regen    0.2/turn               g - ring of magical power
MPRegen  0.2/turn               (no ring)

@: no status effects
A: no food or potions, fire vulnerability, cold resistance 1, negative energy
resistance 3, torment resistance, unbreathing
a: Receive Corpses, Renounce Religion


You were on level 5 of the Dungeon.
You worshipped Kikubaaqudgha.
Kikubaaqudgha was aware of your devotion.
You were not hungry.

You visited 1 branch of the dungeon, and saw 5 of its levels.

You collected 105 gold pieces.

Inventory:

Hand Weapons
 d - a +1 vampiric dagger
 i - a +1 short sword of venom (weapon)
Missiles
 f - 6 javelins (quivered)
Armour
 j - a +0 helmet (worn)
 n - a +0 leather armour (worn)
Jewellery
 g - a ring of magical power (left hand)
Scrolls
 b - 3 scrolls of fear
 c - 6 scrolls of teleportation
 e - a scroll of recharging
 h - 7 scrolls of identify
 k - a scroll of magic mapping
 m - a scroll of remove curse
Books
 l - Kikubaaqudgha's Volume of Unholy Magic
   (Kikubaaqudgha gifted it to you on level 2 of the Dungeon)

   Spells                             Type                      Level
   a - Animate Skeleton               Necromancy                   1
   b - Pain                           Necromancy                   1
   c - Corpse Rot                     Necromancy                   2
   d - Vampiric Draining              Necromancy                   3
   e - Control Undead                 Necromancy                   4


   Skills:
 - Level 2.2 Fighting
 - Level 2.3 Short Blades
   Level 1.0 Polearms
   Level 1.0 Crossbows
 - Level 1.5 Armour
 + Level 3.0 Dodging
 - Level 4.6 Stealth
 + Level 2.6 Spellcasting
 + Level 2.2 Necromancy


You had 7 spell levels left.
You knew the following spells:

 Your Spells              Type           Power        Failure   Level  Hunger
a - Corpse Rot            Necr           N/A          14%         2    N/A
b - Animate Skeleton      Necr           N/A          10%         1    N/A

Dungeon Overview and Level Annotations

Branches:
Dungeon (5/15)
 Temple: D:4-7

Altars:
Elyvilon
Fedhas
Kikubaaqudgha
Uskayaw
Yredelemnul

Shops:
D:4 [   D:5 =

Annotations:
D:4 LittleStrapony's ghost, amateur FoFi


Innate Abilities, Weirdness & Mutations

You do not eat or drink.
Your flesh is vulnerable to fire.
You are immune to poison.
Your flesh is cold resistant. (rC+)
You are immune to negative energy. (rN+++)
You are immune to unholy pain and torment.
You can survive without breathing.


Message History

The centaur unwields an uncursed shortbow.
The centaur closely misses you.
You hit the centaur.
The centaur looks as sick as possible!
The centaur is heavily wounded.
The centaur hits you!
* * * LOW HITPOINT WARNING * * *
You hit the centaur but do no damage.
The centaur looks as sick as possible!
The centaur is heavily wounded.
The centaur barely misses you. The centaur hits you.
* * * LOW HITPOINT WARNING * * *
You can't drink.
Unknown command.
You hit the centaur but do no damage.
The centaur looks as sick as possible!
The centaur is severely wounded.
The centaur closely misses you.
You hit the centaur but do no damage.
The centaur looks as sick as possible!
The centaur is almost dead.
The centaur hits you.
You die...
Kikubaaqudgha rasps: "You have failed me!
Welcome... oblivion!"

# . .# #######.#
#....... #...#.#
###...c.# #....@.#
#(##(#.# #..(...#
#(#..#.# ######
#....#.#
.....#######..#.#.#
####.(.).)([......#
#########......#
####.....


You could see a centaur.

Vanquished Creatures
  An ogre (D:4)
  A scorpion (D:4)
  3 vampire bats (D:2)
  A hound (D:3)
  A centaur skeleton (D:5)
  An orc wizard (D:3)
  Robin (D:2)
  A gnoll (D:1)
  2 adders
  A worm (D:1)
  2 dart slugs (D:1)
  8 leopard geckos
  6 orcs
  2 bat skeletons (D:2)
  4 bat zombies (D:2)
  5 giant cockroaches
  20 goblins
  8 hobgoblins
  8 jackals
  11 kobolds
  2 quokkas
  A ball python (D:1)
  7 bats
  3 frilled lizards
  4 rats
104 creatures vanquished.

Notes
Turn   | Place    | Note
-------+----------+-------------------------------------------
     0 | D:1      | Mesmaeker13 the Mummy Wanderer began the quest for the Orb.
     0 | D:1      | Mesmaeker13 set off with: a +2 dagger, a scroll of fear, 2 scrolls of teleportation, a +0 robe
     0 | D:1      | Reached XP level 1. HP: 16/16 MP: 1/1
   220 | D:1      | Reached XP level 2. HP: 5/22 MP: 2/2
  1150 | D:1      | Reached skill level 1 in Short Blades
  1184 | D:1      | Reached XP level 3. HP: 4/27 MP: 3/3
  2328 | D:1      | Reached skill level 1 in Dodging
  2648 | D:2      | Reached skill level 4 in Stealth
  2677 | D:2      | Reached XP level 4. HP: 31/33 MP: 4/4
  2691 | D:2      | Found an ancient bone altar of Kikubaaqudgha.
  2732 | D:2      | Reached XP level 5. HP: 11/38 MP: 5/5
  2999 | D:2      | Became a worshipper of Kikubaaqudgha
  3037 | D:2      | Noticed Robin
  3107 | D:2      | Killed Robin
  3388 | D:2      | Found a hide-covered altar of Uskayaw.
  3475 | D:2      | Reached * piety under Kikubaaqudgha
  3475 | D:2      | Identified Kikubaaqudgha's Volume of Unholy Magic (Kikubaaqudgha gifted it to you on level 2 of the Dungeon)
  3475 | D:2      | Received a gift from Kikubaaqudgha
  3482 | D:2      | Learned a level 2 spell: Corpse Rot
  3648 | D:3      | Found a basalt altar of Yredelemnul.
  3814 | D:3      | Reached XP level 6. HP: 17/44 MP: 7/7
  4161 | D:4      | Reached skill level 1 in Spellcasting
  4161 | D:4      | Reached skill level 1 in Necromancy
  4728 | D:3      | Learned a level 1 spell: Animate Skeleton
  4778 | D:4      | Found Eganep's Armour Shop.
  4788 | D:4      | Noticed LittleStrapony's ghost (amateur FoFi)
  4809 | D:5      | Entered Level 5 of the Dungeon
  4824 | D:5      | Found Mahiomn's Jewellery Emporium.
  4847 | D:5      | Found a white marble altar of Elyvilon.
  4882 | D:5      | Found a blossoming altar of Fedhas.
  5176 | D:5      | HP: 2/44 [centaur (6)]
  5178 | D:5      | Slain by a centaur

Skill      XL: |  1  2  3  4  5  6 |
---------------+-------------------+-----
Short Blades   | 1 2 |  2.3
Dodging        | 1 2 3 |  3.0
Stealth        | 4 |  4.6
Spellcasting   | 2 |  2.6
Necromancy     | 2 |  2.2
Fighting       | |  2.2
Polearms       | |  1.0
Crossbows      | |  1.0
Armour         | |  1.5

Action                   |  1- 3 |  4- 6 || total
-------------------------+-------+-------++-------
Melee: Dagger            |   207 |   367 ||   574
       Short sword       |       |     5 ||     5
Throw: Javelin           |     5 |       ||     5
 Cast: Corpse Rot        |       |     2 ||     2
  Use: Scroll            |     1 |     2 ||     3
 Stab: Sleeping          |     3 |     5 ||     8
Armor: Robe              |    27 |       ||    27
       Scale mail        |    49 |   154 ||   203
       Leather armour    |       |    31 ||    31
Dodge: Dodged            |   135 |   209 ||   344
